 Dungeon Crawl Stone Soup version 0.18.1-48-g4cf74bf (webtiles) character file.

369 WarriorsX the Covered (level 7, -6/56 HPs)
             Began as a Human Fighter on July 30, 2016.
             Killed from afar by an orc wizard (9 damage)
             ... with a puff of flame
             ... on level 4 of the Dungeon.
             The game lasted 00:07:32 (3546 turns).

WarriorsX the Covered (Human Fighter)               Turns: 3546, Time: 00:07:33

Health: -6/56      AC: 14    Str: 18    XL:     7   Next: 1%
Magic:  7/7        EV:  3    Int:  8    God:
Gold:   165        SH:  9    Dex: 13    Spells: 0 memorised, 6 levels left

rFire  . . .     SeeInvis .     p - -2 short sword (curse)
rCold  . . .     Gourm    .     k - +0 plate armour
rNeg   . . .     Faith    .     c - +0 shield
rPois  .         Spirit   .     e - +0 helmet
rElec  .         Dismiss  .     l - +0 cloak
rCorr  .         Reflect  .     (no gloves)
SustAt .         Harm     .     (no boots)
MR     .....                    (no amulet)
Stlth  ..........               (no ring)
                                (no ring)

@: not resistant to hostile enchantments, extremely unstealthy
A: no striking features
a: no special abilities


You were on level 4 of the Dungeon.
You were very hungry.

You visited 1 branch of the dungeon, and saw 4 of its levels.

You collected 165 gold pieces.

Inventory:

Hand Weapons
 a - a +0 long sword
 p - a cursed -2 short sword (weapon)
Armour
 b - a +0 scale mail
 c - a +0 shield (worn)
 e - a +0 helmet (worn)
 k - a +0 plate armour (worn)
 l - a +0 cloak (worn)
Jewellery
 n - an uncursed ring of magical power
Wands
 o - a wand of polymorph (7/24)
Scrolls
 m - 2 scrolls of identify
 q - a scroll of recharging
Potions
 d - 2 potions of haste
 i - a potion of cure mutation
 j - a potion of brilliance
Comestibles
 f - 5 bread rations
 g - 5 beef jerkies
 h - 3 fruits


   Skills:
 - Level 5.0 Fighting
 * Level 3.5 Long Blades
 + Level 5.2 Armour
 - Level 3.0 Shields


You had 6 spell levels left.
You didn't know any spells.

Dungeon Overview and Level Annotations

Branches:
Dungeon (4/15)
 Temple: D:4-7

Altars:
Gozag
Makhleb
Nemelex Xobeh
Pakellas
Ru
Trog
The Shining One


Message History

You hit the orc wizard.
The orc wizard is lightly wounded.
The orc wizard gestures at you while chanting.
The puff of flame hits you!
* * * LOW HITPOINT WARNING * * *
The orc wizard hits you but does no damage.
The orc priest mumbles some strange prayers to Beogh against you.
Beogh smites you!
* * * LOW HITPOINT WARNING * * *
Read which item? (? for menu, Esc to quit)
Okay, then.
Evoke which item? (* to show all) (? for menu, Esc to quit)
Zapping:
o - a wand of polymorph (will waste charges)
Press: ? - help, Shift-Dir - straight line, f - orc wizard
Aim: an orc wizard, wielding a dagger and wearing a robe (lightly wounded, fast, chance to defeat MR: 46%)
The orc wizard resists with some effort.
Evoking this partially-identified wand wasted a few charges.
The orc wizard points at you and mumbles some strange words.
The puff of flame hits you!
You die...

#....###....# ##..## ..#
###...##...## ##.## #.#
##..###.## #.(## #.#
##..#..## #...### #.#
##...##.# #.....## #.##
##.##...## #..##...###..#
###.....#####..#####...#..#
#.....##...# ####...# ....#
#..oo@...# ##.## ....##
##.o###...# #.# .....#
#..## ##..# ##.## ......##
##..# ..## #.###
...o...####..## #..# #.##.
..o#........## #..# #.#..
...##.......## #..## ##...#
.......####..#
##...#####....# .....###
#o.# ##............##


You could see an orc priest, an orc wizard and an orc.

Vanquished Creatures
  An ogre (D:4)
  2 crimson imps
  3 hounds (D:4)
  Robin (D:3)
  3 adders
  2 oozes
  2 worms
  2 dart slugs (D:2)
  2 giant geckos
  4 orcs
  6 bats
  6 giant cockroaches
  13 goblins
  5 hobgoblins
  4 jackals (D:2)
  A quokka (D:2)
  A ball python (D:2)
  A giant newt (D:4)
  3 kobolds
  4 rats
66 creatures vanquished.

Notes
Turn   | Place    | Note
--------------------------------------------------------------
     0 | D:1      | WarriorsX the Human Fighter began the quest for the Orb.
     0 | D:1      | Reached XP level 1. HP: 18/18 MP: 1/1
   136 | D:1      | Reached XP level 2. HP: 22/24 MP: 2/2
   746 | D:1      | Reached XP level 3. HP: 26/30 MP: 3/3
   983 | D:2      | Found an oddly glowing altar of Pakellas.
  1200 | D:2      | Reached XP level 4. HP: 38/38 MP: 4/4
  1357 | D:2      | Found a sacrificial altar of Ru.
  1824 | D:3      | Found a bloodstained altar of Trog.
  1884 | D:3      | Found a sparkling altar of Nemelex Xobeh.
  1911 | D:3      | Reached skill level 5 in Fighting
  2160 | D:3      | Reached XP level 5. HP: 44/44 MP: 5/5
  2177 | D:3      | Noticed Robin
  2209 | D:3      | Killed Robin
  2437 | D:3      | Found a glowing golden altar of the Shining One.
  2839 | D:4      | Noticed an ogre
  2846 | D:4      | Killed an ogre
  2846 | D:4      | Reached XP level 6. HP: 51/51 MP: 6/6
  2875 | D:4      | Found an opulent altar of Gozag.
  3108 | D:4      | Found a burning altar of Makhleb.
  3255 | D:4      | Reached skill level 5 in Armour
  3371 | D:4      | Reached XP level 7. HP: 38/56 MP: 7/7
  3546 | D:4      | Killed from afar by an orc wizard

Skill      XL: |  1  2  3  4  5  6 |
---------------+-------------------+-----
Fighting       | 4 5 |  5.0
Armour         | 4 5 |  5.2
Long Blades    | 3 |  3.5
Shields        | |  3.0

Action                   |  1- 3 |  4- 6 |  7- 9 || total
-------------------------+-------+-------+-------++-------
Melee: Long sword        |    84 |   129 |       ||   213
       Short sword       |       |   103 |    10 ||   113
Evoke: Wand              |       |       |     1 ||     1
  Use: Scroll            |     2 |     4 |       ||     6
       Potion            |     1 |     3 |       ||     4
  Eat: Chunk             |     1 |     7 |       ||     8
Armor: Scale mail        |    50 |     8 |       ||    58
       Plate armour      |       |   137 |     8 ||   145
Dodge: Dodged            |    29 |    37 |     2 ||    68
Block: Shield            |    44 |   123 |     4 ||   171
